[ AOE2 MATCH · #463527272 ]
Team RMMongols vs Vikings
[ REPLAY ANALYSIS · EXTRACTED FROM THE RECORDED GAME ]
Feudal
9:18
Castle
25:58
Imperial
—
| APM avg | 28.0 |
| APM peak | 62 |
| eAPM avg | 10.7 |
| Villagers / military | 54 / 70 |
Focus
⚔️ 34.9% · 🌾 65.1%
Archer ×49 · Militia ×20 · Battering Ram ×1
Feudal
11:07
Castle
21:06
Imperial
—
| APM avg | 32.4 |
| APM peak | 67 |
| eAPM avg | 15.9 |
| Villagers / military | 86 / 56 |
Focus
⚔️ 20.9% · 🌾 79.1%
Spearman ×36 · Eagle Scout ×15 · Fishing Ship ×9 · Monk ×5
Feudal
9:51
Castle
20:09
Imperial
—
| APM avg | 26.3 |
| APM peak | 74 |
| eAPM avg | 12.9 |
| Villagers / military | 88 / 41 |
Focus
⚔️ 27.5% · 🌾 72.5%
Militia ×30 · Spearman ×10 · Mangonel ×1
Feudal
9:57
Castle
22:29
Imperial
—
| APM avg | 35.1 |
| APM peak | 69 |
| eAPM avg | 14.0 |
| Villagers / military | 78 / 75 |
Focus
⚔️ 32.2% · 🌾 67.8%
Knight ×71 · Scout Cavalry ×3 · Monk ×1
Match map
Resources at game start + every placement click. Thick line = wall · dashed box = detected house wall. 🟡 gold · ⚪ stone · 🟢 berries · 🔶 boar · ⭕ relic
Inputs per minute
— Judean People's Front - - Rainsborough
Build order — Judean People's Front
First 150 of 195 actions detected
| 0:02 | Create | Villager (Male) |
| 0:02 | Create | Villager (Male) |
| 0:02 | Create | Villager (Male) |
| 0:03 | Build | House |
| 0:05 | Build | House |
| 0:40 | Create | Villager (Male) |
| 1:39 | Create | Villager (Male) |
| 1:39 | Create | Villager (Male) |
| 2:05 | Build | Lumber Camp |
| 2:55 | Create | Villager (Male) |
| 2:55 | Create | Villager (Male) |
| 3:29 | Create | Villager (Male) |
| 3:30 | Create | Villager (Male) |
| 3:30 | Create | Villager (Male) |
| 3:45 | Create | Villager (Male) |
| 3:46 | Create | Villager (Male) |
| 4:23 | Build | House |
| 4:58 | Create | Villager (Male) |
| 4:59 | Create | Villager (Male) |
| 5:26 | Create | Villager (Male) |
| 5:26 | Create | Villager (Male) |
| 5:41 | Build | Mill |
| 5:51 | Create | Villager (Male) |
| 7:08 | Research | Feudal Age |
| 7:15 | Research | Loom |
| 8:25 | Build | Barracks |
| 8:45 | Build | Mining Camp |
| 9:18 | Age | Feudal Age |
| 9:21 | Create | Militia |
| 9:22 | Create | Militia |
| 9:33 | Create | Villager (Male) |
| 9:34 | Create | Villager (Male) |
| 9:43 | Build | House |
| 9:46 | Research | Man-at-Arms (upgrade) |
| 9:52 | Build | House |
| 10:50 | Create | Militia |
| 11:22 | Create | Militia |
| 11:55 | Create | Militia |
| 11:56 | Create | Villager (Male) |
| 11:57 | Create | Villager (Male) |
| 12:04 | Create | Villager (Male) |
| 12:04 | Create | Villager (Male) |
| 12:38 | Build | Archery Range |
| 12:54 | Create | Villager (Male) |
| 12:55 | Create | Villager (Male) |
| 12:59 | Build | House |
| 13:28 | Create | Villager (Male) |
| 13:28 | Create | Villager (Male) |
| 13:33 | Create | Villager (Male) |
| 13:34 | Create | Villager (Male) |
| 13:38 | Build | Mill |
| 14:34 | Create | Villager (Male) |
| 14:35 | Create | Villager (Male) |
| 14:38 | Create | Archer |
| 14:39 | Create | Archer |
| 14:46 | Build | Palisade Wall |
| 15:27 | Create | Archer |
| 15:28 | Create | Villager (Male) |
| 15:28 | Create | Villager (Male) |
| 15:38 | Build | Blacksmith |
| 16:17 | Build | House |
| 16:23 | Create | Villager (Male) |
| 16:45 | Create | Archer |
| 16:45 | Create | Archer |
| 16:52 | Build | House |
| 17:13 | Build | House |
| 17:14 | Build | House |
| 17:26 | Build | Market |
| 17:28 | Create | Villager (Male) |
| 17:28 | Create | Villager (Male) |
| 18:16 | Create | Villager (Male) |
| 18:17 | Create | Villager (Male) |
| 18:18 | Create | Archer |
| 18:19 | Create | Archer |
| 18:31 | Build | House |
| 18:32 | Build | House |
| 18:40 | Build | Palisade Wall |
| 18:42 | Build | House |
| 18:58 | Create | Villager (Male) |
| 18:59 | Create | Villager (Male) |
| 19:01 | Create | Archer |
| 19:02 | Create | Archer |
| 19:06 | Build | Farm |
| 20:24 | Build | Farm |
| 20:34 | Build | Farm |
| 20:34 | Build | Farm |
| 21:11 | Create | Archer |
| 21:12 | Create | Archer |
| 21:18 | Build | Archery Range |
| 21:52 | Build | Farm |
| 21:54 | Build | Farm |
| 22:26 | Build | House |
| 22:27 | Build | House |
| 22:28 | Build | House |
| 22:30 | Build | House |
| 22:31 | Build | House |
| 22:38 | Research | Double-Bit Axe |
| 23:18 | Research | Castle Age |
| 23:24 | Create | Archer |
| 23:25 | Create | Archer |
| 23:25 | Create | Archer |
| 23:36 | Build | Palisade Wall |
| 23:53 | Build | Farm |
| 23:56 | Build | Farm |
| 24:06 | Create | Villager (Male) |
| 24:07 | Create | Villager (Male) |
| 24:49 | Create | Archer |
| 24:49 | Create | Archer |
| 24:51 | Research | Fletching |
| 25:08 | Create | Archer |
| 25:08 | Create | Archer |
| 25:13 | Create | Archer |
| 25:13 | Create | Archer |
| 25:35 | Build | Palisade Gate |
| 25:58 | Age | Castle Age |
| 26:00 | Build | Palisade Gate |
| 26:05 | Research | Crossbowman (upgrade) |
| 26:16 | Create | Archer |
| 26:17 | Create | Archer |
| 26:22 | Research | Bodkin Arrow |
| 26:29 | Build | Palisade Wall |
| 27:22 | Create | Villager (Male) ×3 |
| 27:23 | Create | Archer ×5 |
| 28:15 | Create | Archer |
| 28:15 | Create | Archer |
| 28:16 | Create | Archer |
| 28:38 | Research | Long Swordsman (upgrade) |
| 28:46 | Build | Farm |
| 29:23 | Build | House |
| 29:50 | Create | Archer |
| 29:51 | Create | Archer |
| 29:51 | Create | Archer |
| 29:51 | Create | Archer |
| 29:56 | Create | Militia |
| 29:56 | Create | Militia |
| 29:57 | Create | Militia |
| 30:22 | Create | Militia |
| 30:43 | Build | Barracks |
| 30:51 | Create | Archer |
| 30:51 | Create | Archer |
| 31:17 | Create | Militia |
| 31:17 | Create | Militia |
| 31:34 | Build | Town Center |
| 31:51 | Build | Farm |
| 31:51 | Build | Farm |
| 31:51 | Build | Farm |
| 31:52 | Build | Farm |
| 31:52 | Build | Farm |
| 31:52 | Build | Farm |
| 31:52 | Build | Farm |
Build order — Rainsborough
First 150 of 251 actions detected
| 0:01 | Create | Villager (Male) |
| 0:02 | Create | Villager (Male) |
| 0:02 | Create | Villager (Male) |
| 0:02 | Create | Villager (Male) |
| 0:03 | Build | House |
| 0:05 | Build | House |
| 1:42 | Create | Villager (Male) |
| 1:42 | Create | Villager (Male) |
| 2:08 | Create | Villager (Male) |
| 2:09 | Create | Villager (Male) |
| 2:17 | Build | Lumber Camp |
| 2:45 | Research | Loom |
| 2:47 | Create | Villager (Male) |
| 2:47 | Create | Villager (Male) |
| 2:47 | Create | Villager (Male) |
| 3:05 | Create | Villager (Male) |
| 3:05 | Create | Villager (Male) |
| 4:05 | Create | Villager (Male) |
| 4:06 | Create | Villager (Male) |
| 4:06 | Create | Villager (Male) |
| 4:14 | Build | House |
| 4:45 | Create | Villager (Male) |
| 4:45 | Create | Villager (Male) |
| 4:46 | Create | Villager (Male) |
| 5:02 | Create | Villager (Male) |
| 5:02 | Create | Villager (Male) |
| 5:21 | Build | Mill |
| 5:46 | Build | House |
| 6:38 | Build | Dock |
| 6:41 | Create | Villager (Male) |
| 7:29 | Create | Villager (Male) |
| 7:29 | Create | Villager (Male) |
| 7:42 | Build | Mill |
| 7:52 | Create | Fishing Ship |
| 8:26 | Create | Fishing Ship |
| 8:32 | Create | Villager (Male) |
| 8:55 | Research | Feudal Age |
| 9:03 | Build | House |
| 9:09 | Build | House |
| 9:18 | Create | Fishing Ship |
| 9:57 | Build | Barracks |
| 10:07 | Build | Barracks |
| 10:09 | Build | House |
| 10:11 | Build | House |
| 10:17 | Build | Palisade Wall |
| 10:19 | Create | Villager (Male) |
| 10:30 | Build | Palisade Wall |
| 10:35 | Build | Palisade Wall |
| 10:42 | Build | Palisade Wall |
| 11:07 | Age | Feudal Age |
| 11:10 | Build | Palisade Wall |
| 11:16 | Build | Palisade Wall |
| 11:17 | Create | Villager (Male) |
| 11:19 | Create | Spearman |
| 11:20 | Create | Spearman |
| 11:41 | Create | Villager (Male) |
| 12:17 | Create | Villager (Male) |
| 12:54 | Create | Villager (Male) |
| 13:04 | Build | Palisade Wall |
| 13:07 | Create | Spearman |
| 13:08 | Create | Spearman |
| 13:20 | Create | Spearman |
| 13:20 | Create | Spearman |
| 13:35 | Create | Villager (Male) |
| 13:37 | Build | Farm |
| 13:40 | Build | Mining Camp |
| 13:56 | Create | Villager (Male) |
| 14:04 | Create | Villager (Male) |
| 14:07 | Build | Farm |
| 14:18 | Research | Tech 906 |
| 14:34 | Build | Farm |
| 14:36 | Build | Farm |
| 14:45 | Build | Farm |
| 15:02 | Build | Blacksmith |
| 15:08 | Create | Villager (Male) |
| 15:12 | Research | Double-Bit Axe |
| 15:14 | Research | Horse Collar |
| 15:18 | Create | Eagle Scout |
| 15:59 | Create | Villager (Male) |
| 16:08 | Build | Palisade Wall |
| 16:18 | Build | Market |
| 16:25 | Build | Fish Trap |
| 16:31 | Create | Villager (Male) |
| 16:44 | Build | Lumber Camp |
| 16:51 | Create | Villager (Male) |
| 16:56 | Build | House |
| 17:06 | Create | Villager (Male) |
| 17:15 | Build | Fish Trap |
| 17:52 | Build | Palisade Wall |
| 18:26 | Research | Castle Age |
| 18:38 | Build | House |
| 18:42 | Build | House |
| 18:45 | Create | Villager (Male) |
| 18:49 | Build | House |
| 18:51 | Create | Fishing Ship |
| 19:00 | Build | Barracks |
| 19:13 | Build | Mining Camp |
| 19:20 | Build | Mining Camp |
| 19:30 | Build | Building 490 |
| 19:40 | Build | House |
| 19:49 | Create | Eagle Scout |
| 19:50 | Create | Eagle Scout |
| 19:51 | Create | Eagle Scout |
| 19:52 | Create | Eagle Scout |
| 19:57 | Build | Barracks |
| 20:11 | Build | Mining Camp |
| 20:37 | Create | Eagle Scout |
| 20:38 | Create | Eagle Scout |
| 20:40 | Research | Scale Mail Armor |
| 20:40 | Research | Forging |
| 20:59 | Research | Gold Mining |
| 21:02 | Research | Stone Mining |
| 21:06 | Age | Castle Age |
| 21:15 | Research | Gillnets |
| 21:17 | Build | Fish Trap |
| 21:18 | Create | Fishing Ship |
| 21:29 | Create | Villager (Male) |
| 21:37 | Create | Eagle Scout |
| 21:38 | Create | Eagle Scout |
| 21:38 | Create | Eagle Scout |
| 22:09 | Create | Villager (Male) |
| 22:09 | Create | Villager (Male) |
| 22:17 | Build | Town Center |
| 22:23 | Create | Villager (Male) |
| 22:28 | Build | Monastery |
| 22:35 | Create | Eagle Scout |
| 22:35 | Create | Eagle Scout |
| 22:58 | Create | Villager (Male) |
| 23:04 | Create | Fishing Ship |
| 23:07 | Build | Fish Trap |
| 23:13 | Create | Villager (Male) |
| 23:22 | Create | Monk |
| 23:22 | Create | Monk |
| 23:34 | Create | Villager (Male) |
| 23:38 | Build | Barracks |
| 23:40 | Create | Eagle Scout |
| 23:40 | Create | Eagle Scout |
| 23:40 | Create | Eagle Scout |
| 23:59 | Create | Villager (Male) |
| 24:07 | Build | House |
| 24:13 | Build | House |
| 24:15 | Build | House |
| 24:19 | Build | Fish Trap |
| 24:22 | Create | Villager (Male) |
| 24:51 | Build | Lumber Camp |
| 24:58 | Research | Squires |
| 25:01 | Create | Villager (Male) |
| 25:01 | Create | Villager (Male) |
| 25:07 | Create | Fishing Ship |
| 25:21 | Create | Villager (Male) |
Build order — Papá Kiskiviry
First 150 of 208 actions detected
| 0:01 | Create | Villager (Male) |
| 0:01 | Create | Villager (Male) |
| 0:02 | Create | Villager (Male) |
| 0:02 | Create | Villager (Male) |
| 0:02 | Create | Villager (Male) |
| 0:05 | Build | House |
| 0:06 | Build | House |
| 1:31 | Create | Villager (Male) |
| 1:31 | Create | Villager (Male) |
| 1:48 | Build | Lumber Camp |
| 1:52 | Create | Villager (Male) |
| 1:52 | Create | Villager (Male) |
| 2:35 | Create | Villager (Male) |
| 2:35 | Create | Villager (Male) |
| 2:35 | Create | Villager (Male) |
| 3:05 | Create | Villager (Male) |
| 3:06 | Create | Villager (Male) |
| 3:06 | Create | Villager (Male) |
| 3:40 | Create | Villager (Male) |
| 3:40 | Create | Villager (Male) |
| 3:44 | Build | House |
| 3:47 | Build | House |
| 4:16 | Create | Villager (Male) |
| 4:17 | Create | Villager (Male) |
| 4:40 | Create | Villager (Male) |
| 4:41 | Create | Villager (Male) |
| 4:41 | Create | Villager (Male) |
| 4:59 | Build | Mill |
| 5:30 | Create | Villager (Male) |
| 5:31 | Create | Villager (Male) |
| 5:31 | Create | Villager (Male) |
| 5:52 | Create | Villager (Male) |
| 6:12 | Create | Villager (Male) |
| 6:12 | Create | Villager (Male) |
| 6:12 | Create | Villager (Male) |
| 6:36 | Create | Villager (Male) |
| 6:40 | Research | Loom |
| 7:20 | Build | Barracks |
| 7:40 | Research | Feudal Age |
| 7:41 | Research | Feudal Age |
| 7:54 | Build | Mining Camp |
| 8:19 | Build | House |
| 8:33 | Build | House |
| 8:34 | Build | Palisade Wall |
| 8:49 | Create | Villager (Male) |
| 9:09 | Build | Palisade Wall |
| 9:21 | Create | Militia |
| 9:22 | Create | Militia |
| 9:22 | Create | Militia |
| 9:22 | Create | Militia |
| 9:36 | Build | Palisade Wall |
| 9:48 | Create | Villager (Male) |
| 9:51 | Age | Feudal Age |
| 9:59 | Create | Spearman |
| 10:14 | Research | Double-Bit Axe |
| 10:29 | Build | House |
| 10:43 | Build | House |
| 10:49 | Research | Man-at-Arms (upgrade) |
| 10:51 | Create | Villager (Male) |
| 10:55 | Build | House |
| 10:57 | Build | Palisade Wall |
| 11:02 | Build | House |
| 11:04 | Build | House |
| 11:20 | Create | Villager (Male) |
| 11:22 | Create | Spearman |
| 11:34 | Create | Villager (Male) |
| 11:41 | Build | House |
| 11:43 | Build | Palisade Wall |
| 11:46 | Build | House |
| 11:48 | Build | Palisade Wall |
| 12:07 | Create | Villager (Male) |
| 12:18 | Build | Farm |
| 12:23 | Build | Farm |
| 12:24 | Build | Farm |
| 12:26 | Build | Farm |
| 12:30 | Create | Villager (Male) |
| 12:57 | Build | Farm |
| 13:04 | Create | Villager (Male) |
| 13:11 | Build | Farm |
| 13:12 | Build | Farm |
| 13:26 | Build | Farm |
| 13:27 | Build | Farm |
| 14:26 | Create | Villager (Male) |
| 14:26 | Create | Villager (Male) |
| 14:26 | Create | Villager (Male) |
| 14:45 | Create | Villager (Male) |
| 14:49 | Build | Farm |
| 14:51 | Build | Farm |
| 15:21 | Create | Villager (Male) |
| 15:26 | Build | Market |
| 15:34 | Build | Blacksmith |
| 15:37 | Create | Villager (Male) |
| 15:44 | Build | Farm |
| 15:48 | Build | Farm |
| 16:36 | Build | Barracks |
| 16:38 | Create | Villager (Male) |
| 16:43 | Build | Farm |
| 16:44 | Build | Farm |
| 17:29 | Research | Castle Age |
| 17:30 | Research | Castle Age |
| 17:30 | Research | Castle Age |
| 18:07 | Create | Spearman |
| 18:14 | Create | Militia |
| 18:14 | Create | Militia |
| 18:14 | Create | Militia |
| 18:17 | Research | Scale Mail Armor |
| 18:24 | Build | Palisade Wall |
| 18:31 | Build | House |
| 18:33 | Build | House |
| 19:21 | Build | House |
| 19:24 | Build | House |
| 19:28 | Build | Farm |
| 19:30 | Create | Militia |
| 19:30 | Create | Militia |
| 19:30 | Create | Militia |
| 19:30 | Create | Militia |
| 19:40 | Create | Villager (Male) |
| 19:49 | Build | Watch Tower |
| 19:58 | Research | Forging |
| 20:09 | Age | Castle Age |
| 20:16 | Research | Squires |
| 20:28 | Create | Militia |
| 20:28 | Create | Militia |
| 20:28 | Create | Militia |
| 20:28 | Create | Militia |
| 20:53 | Create | Villager (Male) |
| 21:09 | Build | Siege Workshop |
| 21:11 | Build | Building 804 |
| 21:23 | Research | Arson |
| 21:33 | Create | Spearman |
| 21:41 | Create | Villager (Male) |
| 21:52 | Create | Villager (Male) |
| 22:09 | Build | Town Center |
| 22:17 | Research | Long Swordsman (upgrade) |
| 22:20 | Create | Villager (Male) |
| 22:20 | Create | Villager (Male) |
| 23:10 | Research | Gold Mining |
| 23:46 | Create | Mangonel |
| 23:51 | Create | Villager (Male) |
| 23:51 | Create | Villager (Male) |
| 23:53 | Create | Villager (Male) |
| 24:03 | Research | Stone Mining |
| 24:08 | Build | Farm |
| 24:14 | Create | Militia |
| 24:14 | Create | Militia |
| 24:15 | Create | Militia |
| 24:15 | Create | Militia |
| 24:48 | Create | Militia |
| 24:48 | Create | Militia |
| 24:48 | Create | Militia |
Build order — TheNight
First 150 of 262 actions detected
| 0:01 | Create | Villager (Male) |
| 0:01 | Create | Villager (Male) |
| 0:03 | Build | House |
| 0:04 | Build | House |
| 0:08 | Create | Villager (Male) |
| 0:08 | Create | Villager (Male) |
| 0:08 | Create | Villager (Male) |
| 1:30 | Create | Villager (Male) |
| 1:31 | Create | Villager (Male) |
| 1:57 | Create | Villager (Male) |
| 1:57 | Create | Villager (Male) |
| 2:12 | Build | Lumber Camp |
| 2:27 | Create | Villager (Male) |
| 2:28 | Create | Villager (Male) |
| 2:59 | Create | Villager (Male) |
| 3:00 | Create | Villager (Male) |
| 3:00 | Create | Villager (Male) |
| 3:28 | Build | House |
| 3:43 | Create | Villager (Male) |
| 3:44 | Create | Villager (Male) |
| 4:45 | Build | Mill |
| 4:48 | Create | Villager (Male) |
| 4:48 | Create | Villager (Male) |
| 5:11 | Build | Palisade Wall |
| 5:21 | Create | Villager (Male) |
| 5:22 | Create | Villager (Male) |
| 5:51 | Build | House |
| 6:04 | Create | Villager (Male) |
| 6:30 | Create | Villager (Male) |
| 6:40 | Build | Mill |
| 6:44 | Research | Loom |
| 7:47 | Research | Feudal Age |
| 8:06 | Build | Barracks |
| 8:09 | Build | Palisade Wall |
| 8:25 | Build | Palisade Wall |
| 8:27 | Build | Palisade Wall |
| 9:03 | Build | House |
| 9:10 | Create | Villager (Male) |
| 9:41 | Build | House |
| 9:57 | Age | Feudal Age |
| 10:05 | Build | Stable |
| 10:12 | Create | Villager (Male) |
| 10:13 | Create | Villager (Male) |
| 10:41 | Build | Palisade Wall |
| 10:45 | Create | Scout Cavalry |
| 10:45 | Create | Scout Cavalry |
| 10:45 | Create | Scout Cavalry |
| 10:51 | Build | Palisade Wall |
| 10:59 | Build | House |
| 11:03 | Research | Double-Bit Axe |
| 11:05 | Create | Villager (Male) |
| 11:22 | Create | Villager (Male) |
| 11:43 | Create | Villager (Male) |
| 12:06 | Build | Lumber Camp |
| 12:11 | Build | House |
| 12:13 | Create | Villager (Male) |
| 12:27 | Create | Villager (Male) |
| 12:38 | Create | Villager (Male) |
| 12:41 | Build | House |
| 12:51 | Build | Blacksmith |
| 13:05 | Create | Villager (Male) |
| 13:08 | Build | Farm |
| 13:08 | Build | Farm |
| 13:08 | Build | Farm |
| 13:08 | Build | Farm |
| 13:36 | Create | Villager (Male) |
| 13:40 | Build | House |
| 13:42 | Research | Scale Barding Armor |
| 13:51 | Build | Farm |
| 13:54 | Build | Farm |
| 14:21 | Build | House |
| 14:25 | Create | Villager (Male) |
| 14:34 | Build | Mining Camp |
| 14:50 | Build | House |
| 14:55 | Create | Villager (Male) |
| 14:56 | Create | Villager (Male) |
| 15:00 | Build | Farm |
| 15:00 | Build | Farm |
| 15:00 | Build | Farm |
| 15:00 | Build | Farm |
| 15:10 | Create | Villager (Male) |
| 15:15 | Build | House |
| 15:30 | Research | Horse Collar |
| 15:39 | Build | Palisade Wall |
| 16:06 | Build | Farm |
| 16:07 | Build | Farm |
| 16:08 | Build | Farm |
| 16:09 | Build | Farm |
| 16:09 | Create | Villager (Male) |
| 16:32 | Create | Villager (Male) |
| 16:38 | Build | House |
| 16:44 | Build | Farm |
| 16:48 | Research | Wheelbarrow |
| 16:55 | Build | Farm |
| 16:56 | Build | Farm |
| 16:57 | Build | Farm |
| 16:58 | Build | Farm |
| 17:35 | Build | House |
| 18:10 | Create | Villager (Male) |
| 18:16 | Build | Farm |
| 18:32 | Build | Stable |
| 18:42 | Build | Market |
| 18:44 | Create | Villager (Male) |
| 18:58 | Build | Farm |
| 18:59 | Build | Farm |
| 19:05 | Build | Farm |
| 19:21 | Create | Villager (Male) |
| 19:33 | Build | Farm |
| 19:49 | Research | Castle Age |
| 20:14 | Build | House |
| 20:16 | Build | House |
| 20:17 | Build | House |
| 20:29 | Build | Palisade Wall |
| 20:57 | Research | Bloodlines |
| 20:57 | Research | Bloodlines |
| 21:13 | Build | Stable |
| 21:18 | Create | Villager (Male) |
| 21:46 | Build | Farm |
| 22:25 | Research | Gold Mining |
| 22:29 | Age | Castle Age |
| 22:30 | Create | Knight |
| 22:31 | Create | Knight |
| 22:31 | Create | Knight |
| 22:37 | Research | Chain Barding Armor |
| 22:42 | Research | Bow Saw |
| 22:44 | Research | Heavy Plow |
| 22:44 | Create | Villager (Male) |
| 22:58 | Create | Villager (Male) |
| 23:02 | Create | Knight |
| 23:02 | Create | Knight |
| 23:07 | Research | Husbandry |
| 23:11 | Create | Villager (Male) |
| 23:18 | Build | Farm |
| 23:24 | Create | Knight |
| 23:28 | Create | Villager (Male) |
| 23:31 | Create | Knight |
| 23:45 | Create | Knight |
| 23:48 | Create | Knight |
| 23:51 | Create | Villager (Male) |
| 23:58 | Create | Villager (Male) |
| 24:04 | Create | Knight |
| 24:25 | Create | Knight |
| 24:25 | Create | Knight |
| 24:26 | Create | Knight |
| 24:29 | Create | Villager (Male) |
| 24:33 | Build | Farm |
| 24:33 | Build | Farm |
| 24:34 | Build | Farm |
| 24:34 | Build | Farm |
| 24:34 | Build | Farm |
Match timeline
| 5:11 | TheNight · wall_segment Palisade Wall x2 |
| 6:38 | Rainsborough · first_building Dock |
| 7:20 | Papá Kiskiviry · first_building Barracks |
| 8:06 | TheNight · first_building Barracks |
| 8:09 | TheNight · wall_segment Palisade Wall x4 |
| 8:25 | Judean People's Front · first_building Barracks |
| 8:25 | TheNight · wall_segment Palisade Wall x1 |
| 8:27 | TheNight · wall_segment Palisade Wall x1 |
| 8:34 | Papá Kiskiviry · wall_segment Palisade Wall x3 |
| 9:09 | Papá Kiskiviry · wall_segment Palisade Wall x6 |
| 9:18 | Judean People's Front · age_up feudal |
| 9:36 | Papá Kiskiviry · wall_segment Palisade Wall x8 |
| 9:51 | Papá Kiskiviry · age_up feudal |
| 9:57 | Rainsborough · first_building Barracks |
| 9:57 | TheNight · age_up feudal |
| 10:05 | TheNight · first_building Stable |
| 10:17 | Rainsborough · wall_segment Palisade Wall x5 |
| 10:30 | Rainsborough · wall_segment Palisade Wall x2 |
| 10:35 | Rainsborough · wall_segment Palisade Wall x2 |
| 10:41 | TheNight · wall_segment Palisade Wall x1 |
| 10:42 | Rainsborough · wall_segment Palisade Wall x6 |
| 10:51 | TheNight · wall_segment Palisade Wall x1 |
| 10:57 | Papá Kiskiviry · wall_segment Palisade Wall x10 |
| 11:07 | Rainsborough · age_up feudal |
| 11:10 | Rainsborough · wall_segment Palisade Wall x13 |
| 11:16 | Rainsborough · wall_segment Palisade Wall x7 |
| 11:43 | Papá Kiskiviry · wall_segment Palisade Wall x3 |
| 11:48 | Papá Kiskiviry · wall_segment Palisade Wall x9 |
| 12:38 | Judean People's Front · first_building Archery Range |
| 13:04 | Rainsborough · wall_segment Palisade Wall x11 |
| 14:46 | Judean People's Front · wall_segment Palisade Wall x18 |
| 15:39 | TheNight · wall_segment Palisade Wall x7 |
| 16:08 | Rainsborough · wall_segment Palisade Wall x1 |
| 16:55 | Papá Kiskiviry · first_market_buy 100 food |
| 17:52 | Rainsborough · wall_segment Palisade Wall x14 |
| 18:24 | Papá Kiskiviry · wall_segment Palisade Wall x1 |
| 18:40 | Judean People's Front · wall_segment Palisade Wall x2 |
| 20:09 | Papá Kiskiviry · age_up castle |
| 20:29 | TheNight · wall_segment Palisade Wall x1 |
| 21:06 | Rainsborough · age_up castle |
| 21:09 | Papá Kiskiviry · first_building Siege Workshop |
| 21:20 | Judean People's Front · first_market_sell 100 wood |
| 21:23 | Judean People's Front · first_market_buy 100 food |
| 22:05 | Papá Kiskiviry · first_market_sell 100 food |
| 22:28 | Rainsborough · first_building Monastery |
| 22:29 | TheNight · age_up castle |
| 23:36 | Judean People's Front · wall_segment Palisade Wall x1 |
| 25:58 | Judean People's Front · age_up castle |
| 26:29 | Judean People's Front · wall_segment Palisade Wall x1 |
| 29:29 | TheNight · first_market_sell 100 food |
| 30:00 | Rainsborough · tribute_sent a jugador 2 |
| 30:00 | Rainsborough · tribute_sent a jugador 3 |
| 30:00 | Rainsborough · tribute_sent a jugador 4 |
| 30:04 | Rainsborough · tribute_sent a jugador 2 |
| 30:04 | Rainsborough · tribute_sent a jugador 3 |
| 30:04 | Rainsborough · tribute_sent a jugador 4 |
| 30:51 | Papá Kiskiviry · wall_segment Stone Wall x5 |
| 31:19 | TheNight · first_building Monastery |
| 32:51 | Rainsborough · first_market_buy 100 stone |
| 32:58 | Rainsborough · first_building Castle |
| 33:04 | Rainsborough · wall_segment Stone Wall x1 |
| 33:06 | Rainsborough · wall_segment Stone Wall x1 |
| 33:36 | Judean People's Front · first_building Siege Workshop |
| 34:18 | Papá Kiskiviry · wall_segment Stone Wall x3 |
| 34:20 | Papá Kiskiviry · wall_segment Stone Wall x5 |
| 35:53 | Papá Kiskiviry · resign |
[ AI ANALYSIS · 1 CREDIT ]
What really happened in this match?
Wolo.gg analyzes every decision: build order, eco, micro, common mistakes by bracket. Personalized analysis on WhatsApp or Discord in 30 seconds.
Civ guide
Mongols
Map guide
Arabia
Perfil
Judean People's Front